Description

Memes

Replay - HeroMarine v lIIllllIIlll - Vaani Research Station (Void)

Build Order

Get SALT Encoding   

  12  0:00  SCV  
  13  0:13  SCV  
  14  0:17  Supply Depot  
  14  0:25  SCV  
  15  0:29  Refinery  
  15  0:39  SCV  
  16  0:45  Barracks  
  16  0:51  SCV  
  16  0:56  Refinery  
  17  1:03  SCV  
  18  1:15  SCV  
  19  1:32  Reaper, Orbital Command  
  20  1:36  Factory  
  20  1:46  Supply Depot  
  20  1:57  SCV  
  21  2:04  Reaper  
  22  2:10  SCV  
  23  2:20  Cyclone  
  23  2:22  Starport  
  26  2:23  SCV  
  26  2:29  Supply Depot  
  27  2:36  Barracks Tech Lab  
  29  2:52  Hellion  
  31  3:05  Raven  
  34  3:11  Barracks Reactor  
  35  3:21  Command Center  
  35  3:24  Widow Mine  
  37  3:30  Supply Depot  
  39  3:52  Raven  
  39  3:59  Marine x2  
  39  4:00  Factory Tech Lab  
  41  4:17  Marine x2  
  44  4:25  Siege Tank  
  47  4:32  Orbital Command  
  48  4:41  Barracks x2  
  48  4:42  Stimpack, Marine  
  49  4:51  Starport Reactor  
  50  4:53  Engineering Bay  
  50  4:57  Refinery  
  50  5:02  Marine  
  54  5:15  Supply Depot  
  54  5:17  Siege Tank  
  57  5:23  Marine  
  59  5:32  Marine x2  
  59  5:36  Starport Reactor  
  59  5:37  Marine  
  64  5:49  Siege Tank  
  70  5:59  Refinery  
  77  6:17  Terran Infantry Weapons Level 1, Medivac  
  77  6:18  Medivac  
  83  6:29  Siege Tank  
  86  6:35  Missile Turret  
  90  6:45  Combat Shields  
  89  7:00  Medivac x2  
  95  7:09  Siege Tank  
  102  7:21  Missile Turret  
  105  7:30  Medivac x2  
  112  7:41  Siege Tank  
  117  8:04  Medivac x2  
  125  8:18  Terran Infantry Armor Level 1, Siege Tank  
  118  8:50  Siege Tank  
  118  8:51  Medivac x2  
  112  9:06  Command Center  
  103  9:23  Barracks, Siege Tank  
  106  9:25  Barracks  
  106  9:30  Engineering Bay, Armory  
Spawning Tool Build Advisor. Get it on Overwolf

Analysis

Memes

Go to:

Details

  • Created by: Aggression
  • Published on: Jan 22, 2017
  • Modified on: Jan 22, 2017
  • Patch: 3.8.0
Show
View Real Time Build Order
Export as new Build Order

Comments (0)

There are no comments. Be the first!

Create an account to comment!